General information
- name: BNet
- type: Ladder team game (AT/RT)
- host: Battle.net
- saver: Scipio
map: Cherryville
- players: 8
- length: 29:42
- speed: Fast
- version: 1.26 W3XP
- replay type: Public
» download(192 KB)
Players
team 1 (loser)
Mine-is-BIGGER (
red | 52 APM | 1157 actions | 22:21)
5 Archmage
2 Summon Water Elemental
3 Brilliance Aura
» actions
| Assign group hotkey | 22 | |
| Basic commands | 9 | |
| Build / train | 83 | |
| Enter build submenu | 23 | |
| Enter hero's abilities submenu | 5 | |
| Give item / drop item | 2 | |
| Remove unit from queue | 1 | |
| Right click | 393 | |
| Select / deselect | 255 | |
| Select group hotkey | 302 | |
| Use ability | 62 | |
1157 total
» units
| Peasant | 10 | |
| Rifleman | 17 | |
| Priest | 2 | |
| Sorceress | 1 | |
30 total
» upgrades
| Gunpowder | 3 | |
| Armor | 3 | |
| Long Rifles | 1 | |
| Masonry | 3 | |
| Lumber Harvesting | 1 | |
| Sorceress Training | 1 | |
| Priest Training | 2 | |
| Magic Sentry | 1 | |
15 total
» buildings
| Altar of Kings | 1 | |
| Farm | 8 | |
| Blacksmith | 1 | |
| Scout Tower | 3 | |
| Barracks | 1 | |
| Arcane Tower | 2 | |
| Keep | 1 | |
| Lumber Mill | 1 | |
| Arcane Vault | 1 | |
| Castle | 1 | |
| Guard Tower | 10 | |
| Arcane Sanctum | 2 | |
| Town Hall | 2 | |
34 total
» build order
00:10 Altar of Kings
00:21 Farm
01:02 Farm
01:23 Blacksmith
01:37 Scout Tower
01:44 Barracks
02:05 Arcane Tower
02:27 Farm
03:51 Farm
04:19 Keep
04:39 Farm
05:21 Scout Tower
05:25 Lumber Mill
05:49 Arcane Tower
06:54 Arcane Vault
07:38 Farm
08:02 Castle
08:13 Scout Tower
09:05 Farm
09:06 Guard Tower
09:49 Farm
10:48 Arcane Sanctum
10:54 Arcane Sanctum
11:28 Guard Tower
12:11 Guard Tower
12:29 Guard Tower
13:04 Town Hall
14:51 Guard Tower
15:27 Guard Tower
18:42 Guard Tower
19:16 Guard Tower
19:56 Guard Tower
20:11 Guard Tower
20:24 Town Hall
» items
| Scroll of Regeneration | 3 | |
| Scroll of Town Portal | 3 | |
| Ivory Tower | 11 | |
17 total

»
SmokeThis (
blue | 30 APM | 866 actions | 29:11)
5 Blademaster
3 Wind Walk
2 Critical Strike
3 Shadow Hunter
2 Healing Wave
1 Hex
» actions
| Assign group hotkey | 18 | |
| Build / train | 87 | |
| ESC pressed | 2 | |
| Enter build submenu | 25 | |
| Enter hero's abilities submenu | 8 | |
| Give item / drop item | 1 | |
| Remove unit from queue | 1 | |
| Right click | 287 | |
| Select / deselect | 311 | |
| Select group hotkey | 68 | |
| Use ability | 58 | |
866 total
» units
| Peon | 13 | |
| Grunt | 7 | |
| Wind Rider | 23 | |
| Shaman | 9 | |
52 total
» upgrades
| Armor | 3 | |
| Shaman Training | 2 | |
| Envenomed Spears | 1 | |
| Reinforced Defenses | 1 | |
| Spiked Barricades | 2 | |
| Berserker Strength | 1 | |
| Ranged Weapons | 3 | |
| Melee Weapons | 1 | |
14 total
» buildings
| Altar of Storms | 1 | |
| Orc Burrow | 7 | |
| Barracks | 1 | |
| Voodoo Lounge | 1 | |
| Stronghold | 1 | |
| Fortress | 1 | |
| Beastiary | 2 | |
| War Mill | 2 | |
| Great Hall | 2 | |
| Spirit Lodge | 1 | |
| Watch Tower | 5 | |
24 total
» build order
00:20 Altar of Storms
00:35 Orc Burrow
00:54 Barracks
01:36 Orc Burrow
02:00 Voodoo Lounge
02:33 Orc Burrow
03:02 Stronghold
03:53 Orc Burrow
04:52 Orc Burrow
06:05 Fortress
06:47 Beastiary
06:55 Beastiary
06:59 War Mill
07:06 War Mill
07:29 Great Hall
07:42 Spirit Lodge
11:53 Orc Burrow
12:30 Watch Tower
14:10 Watch Tower
15:17 Watch Tower
16:30 Watch Tower
18:24 Watch Tower
19:55 Great Hall
20:55 Orc Burrow
» items
| Healing Salve | 1 | |
| Lesser Clarity Potion | 3 | |
| Orb of Lightning | 1 | |
| Scroll of Town Portal | 2 | |
7 total

»
Scipio (
purple | 64 APM | 1902 actions | 29:42)
9 Blademaster
3 Wind Walk
3 Critical Strike
1 Bladestorm
2 Mirror Image
» actions
| Assign group hotkey | 255 | |
| Basic commands | 39 | |
| Build / train | 74 | |
| Enter build submenu | 63 | |
| Enter hero's abilities submenu | 9 | |
| Give item / drop item | 4 | |
| Remove unit from queue | 5 | |
| Right click | 833 | |
| Select / deselect | 329 | |
| Select group hotkey | 160 | |
| Use ability | 131 | |
1902 total
» units
| Peon | 12 | |
| Grunt | 6 | |
| Goblin Shredder | 2 | |
| Wind Rider | 11 | |
| Troll Batrider | 5 | |
36 total
» upgrades
| Ranged Weapons | 3 | |
| Armor | 3 | |
| Reinforced Defenses | 1 | |
| Envenomed Spears | 1 | |
| Spiked Barricades | 1 | |
| Liquid Fire | 1 | |
10 total
» buildings
| Altar of Storms | 1 | |
| Orc Burrow | 7 | |
| Barracks | 1 | |
| Voodoo Lounge | 2 | |
| Stronghold | 1 | |
| War Mill | 2 | |
| Great Hall | 3 | |
| Beastiary | 5 | |
| Watch Tower | 47 | |
| Fortress | 1 | |
70 total
» build order
00:37 Altar of Storms
00:42 Orc Burrow
00:55 Barracks
01:32 Orc Burrow
01:40 Voodoo Lounge
02:59 Stronghold
04:09 Orc Burrow
04:15 War Mill
05:10 Great Hall
06:05 Beastiary
06:06 Beastiary
06:46 Great Hall
06:58 Beastiary
08:57 Watch Tower
08:58 Watch Tower
08:59 Watch Tower
08:59 Watch Tower
09:17 Orc Burrow
09:31 War Mill
10:31 Fortress
10:47 Watch Tower
10:50 Watch Tower
13:04 Voodoo Lounge
13:13 Beastiary
13:17 Beastiary
16:50 Watch Tower
16:51 Watch Tower
16:51 Watch Tower
16:56 Orc Burrow
17:00 Orc Burrow
17:38 Watch Tower
17:38 Watch Tower
17:39 Watch Tower
17:39 Watch Tower
17:41 Watch Tower
17:42 Watch Tower
17:43 Watch Tower
17:44 Watch Tower
17:44 Watch Tower
17:57 Watch Tower
19:35 Watch Tower
19:35 Watch Tower
19:36 Watch Tower
19:40 Watch Tower
19:41 Watch Tower
19:41 Watch Tower
19:46 Watch Tower
19:48 Watch Tower
19:49 Watch Tower
19:49 Watch Tower
19:51 Watch Tower
19:52 Watch Tower
19:56 Watch Tower
20:00 Watch Tower
20:08 Watch Tower
20:11 Watch Tower
24:03 Orc Burrow
26:49 Great Hall
26:53 Watch Tower
26:53 Watch Tower
26:53 Watch Tower
26:54 Watch Tower
26:59 Watch Tower
27:01 Watch Tower
27:01 Watch Tower
27:02 Watch Tower
27:04 Watch Tower
27:05 Watch Tower
27:12 Watch Tower
» items
| Healing Salve | 7 | |
| Periapt of Vitality | 1 | |
| Orb of Lightning | 1 | |
| Staff of Teleportation | 1 | |
| Scroll of Town Portal | 1 | |
11 total
Ta1 (
pink | 84 APM | 2167 actions | 25:47)
4 Blood Mage
2 Flame Strike
2 Banish
2 Archmage
1 Blizzard
1 Summon Water Elemental
» actions
| Assign group hotkey | 40 | |
| Basic commands | 148 | |
| Build / train | 121 | |
| Enter build submenu | 27 | |
| Enter hero's abilities submenu | 6 | |
| Give item / drop item | 6 | |
| Remove unit from queue | 7 | |
| Right click | 887 | |
| Select / deselect | 423 | |
| Select group hotkey | 399 | |
| Use ability | 103 | |
2167 total
» units
| Peasant | 14 | |
| Mortar Team | 9 | |
| Siege Engine | 11 | |
| Flying Machine | 13 | |
47 total
» upgrades
| Masonry | 2 | |
| Lumber Harvesting | 2 | |
| Gunpowder | 3 | |
| Fragmentation Shards | 1 | |
| Flare | 1 | |
| Barrage | 1 | |
| Swords | 0 | |
| Plating | 2 | |
| Flak Cannons | 1 | |
| Flying Machine Bombs | 1 | |
14 total
» buildings
| Altar of Kings | 1 | |
| Farm | 11 | |
| Lumber Mill | 1 | |
| Scout Tower | 8 | |
| Keep | 2 | |
| Blacksmith | 1 | |
| Guard Tower | 9 | |
| Castle | 2 | |
| Workshop | 2 | |
| Arcane Vault | 1 | |
| Town Hall | 2 | |
| Gryphon Aviary | 1 | |
41 total
» build order
00:04 Altar of Kings
00:10 Farm
01:01 Lumber Mill
01:10 Farm
01:36 Farm
02:50 Scout Tower
02:52 Scout Tower
02:58 Keep
02:58 Keep
03:05 Farm
03:22 Scout Tower
03:34 Blacksmith
03:39 Guard Tower
03:39 Guard Tower
03:51 Scout Tower
03:53 Scout Tower
04:19 Guard Tower
04:19 Guard Tower
04:21 Guard Tower
04:21 Guard Tower
04:25 Scout Tower
04:56 Guard Tower
04:56 Guard Tower
05:05 Scout Tower
05:07 Scout Tower
05:40 Castle
05:41 Castle
05:52 Workshop
06:55 Farm
06:57 Farm
06:58 Farm
06:59 Farm
08:29 Farm
08:31 Farm
09:22 Workshop
09:25 Arcane Vault
10:03 Farm
16:41 Town Hall
19:43 Gryphon Aviary
21:08 Town Hall
» items
| Scroll of Town Portal | 8 | |
| Lesser Clarity Potion | 4 | |
| Scroll of Regeneration | 1 | |
| Potion of Mana | 1 | |
14 total
team 2 (winner)

»
str8fuknuhoesup (
orange | 35 APM | 949 actions | 27:27)
8 Dreadlord
3 Sleep
3 Vampiric Aura
1 Inferno
1 Carrion Swarm
» actions
| Assign group hotkey | 22 | |
| Build / train | 82 | |
| Enter build submenu | 16 | |
| Enter hero's abilities submenu | 8 | |
| Right click | 324 | |
| Select / deselect | 221 | |
| Select group hotkey | 235 | |
| Use ability | 41 | |
949 total
» units
| Acolyte | 7 | |
| Ghoul | 10 | |
| Gargoyle | 20 | |
| Frost Wyrm | 13 | |
50 total
» upgrades
| Cannibalize | 1 | |
| Creature Attack | 3 | |
| Creature Carapace | 3 | |
| Freezing Breath | 1 | |
| Stone Form | 1 | |
9 total
» buildings
| Crypt | 2 | |
| Ziggurat | 7 | |
| Altar of Darkness | 1 | |
| Nerubian Tower | 3 | |
| Halls of the Dead | 1 | |
| Graveyard | 1 | |
| Tomb of Relics | 1 | |
| Black Citadel | 1 | |
| Spirit Tower | 2 | |
| Sacrificial Pit | 1 | |
| Boneyard | 2 | |
22 total
» build order
00:22 Crypt
00:28 Crypt
00:43 Ziggurat
01:01 Altar of Darkness
01:29 Ziggurat
01:48 Nerubian Tower
02:56 Ziggurat
05:13 Halls of the Dead
05:22 Graveyard
05:46 Tomb of Relics
06:51 Ziggurat
06:53 Ziggurat
06:55 Ziggurat
07:40 Black Citadel
07:47 Nerubian Tower
07:49 Spirit Tower
08:29 Sacrificial Pit
10:36 Ziggurat
10:52 Boneyard
11:11 Boneyard
11:47 Nerubian Tower
11:49 Spirit Tower
» items
| Scroll of Town Portal | 4 | |
| Potion of Healing | 1 | |
| Orb of Corruption | 1 | |
| Potion of Mana | 1 | |
7 total

»
BYFIREBEPURGED. (
teal | 72 APM | 1965 actions | 27:09)
6 Blademaster
3 Wind Walk
2 Critical Strike
1 Bladestorm
» actions
| Assign group hotkey | 31 | |
| Basic commands | 44 | |
| Build / train | 83 | |
| ESC pressed | 1 | |
| Enter build submenu | 38 | |
| Enter hero's abilities submenu | 6 | |
| Give item / drop item | 8 | |
| Remove unit from queue | 2 | |
| Right click | 707 | |
| Select / deselect | 418 | |
| Select group hotkey | 531 | |
| Use ability | 96 | |
1965 total
» units
| Peon | 15 | |
| Grunt | 6 | |
| Troll Batrider | 19 | |
| Wind Rider | 2 | |
42 total
» upgrades
| Berserker Strength | 1 | |
| Armor | 3 | |
| Ranged Weapons | 3 | |
| Troll Regeneration | 1 | |
| Liquid Fire | 1 | |
| Pillage | 1 | |
| Reinforced Defenses | 1 | |
| Backpack | 1 | |
| Spiked Barricades | 2 | |
| War Drums Damage Increase | 1 | |
| Envenomed Spears | 1 | |
16 total
» buildings
| Altar of Storms | 1 | |
| Orc Burrow | 9 | |
| Barracks | 1 | |
| Voodoo Lounge | 1 | |
| Stronghold | 2 | |
| Beastiary | 4 | |
| War Mill | 1 | |
| Great Hall | 2 | |
| Fortress | 2 | |
| Watch Tower | 10 | |
33 total
» build order
00:06 Altar of Storms
00:09 Orc Burrow
00:42 Barracks
01:33 Orc Burrow
02:07 Voodoo Lounge
03:08 Orc Burrow
03:56 Stronghold
04:10 Orc Burrow
06:24 Beastiary
06:32 Beastiary
06:58 War Mill
08:50 Great Hall
08:55 Fortress
09:46 Watch Tower
10:50 Watch Tower
12:28 Watch Tower
14:05 Great Hall
15:00 Watch Tower
15:03 Watch Tower
16:24 Watch Tower
17:19 Stronghold
18:05 Watch Tower
19:58 Fortress
20:03 Beastiary
20:10 Beastiary
22:37 Orc Burrow
23:44 Orc Burrow
23:48 Orc Burrow
25:16 Orc Burrow
25:19 Orc Burrow
26:31 Watch Tower
26:35 Watch Tower
26:46 Watch Tower
» items
| Healing Salve | 5 | |
| Scroll of Town Portal | 3 | |
| Boots of Speed | 1 | |
| Periapt of Vitality | 1 | |
| Orb of Lightning | 1 | |
| Lesser Clarity Potion | 1 | |
12 total
WC3PROSCHOOL (
yellow | 56 APM | 1658 actions | 29:42)
5 Dreadlord
2 Sleep
3 Carrion Swarm
» actions
| Assign group hotkey | 23 | |
| Basic commands | 19 | |
| Build / train | 85 | |
| Enter build submenu | 27 | |
| Enter hero's abilities submenu | 5 | |
| Give item / drop item | 2 | |
| Right click | 680 | |
| Select / deselect | 215 | |
| Select group hotkey | 503 | |
| Use ability | 99 | |
1658 total
» units
| Acolyte | 18 | |
| Ghoul | 4 | |
| Crypt Fiend | 2 | |
| Goblin Shredder | 1 | |
| Meatwagon | 2 | |
| Gargoyle | 3 | |
| Frost Wyrm | 5 | |
| Wind Rider | 6 | |
41 total
» upgrades
| Creature Attack | 3 | |
| Creature Carapace | 3 | |
6 total
» buildings
| Graveyard | 1 | |
| Crypt | 3 | |
| Altar of Darkness | 1 | |
| Ziggurat | 17 | |
| Tomb of Relics | 1 | |
| Nerubian Tower | 1 | |
| Halls of the Dead | 2 | |
| Spirit Tower | 14 | |
| Black Citadel | 2 | |
| Sacrificial Pit | 1 | |
| Slaughterhouse | 2 | |
| Boneyard | 3 | |
| Necropolis | 1 | |
49 total
» build order
00:09 Graveyard
00:12 Crypt
00:44 Altar of Darkness
01:01 Ziggurat
01:35 Tomb of Relics
01:59 Nerubian Tower
02:14 Ziggurat
03:34 Halls of the Dead
03:50 Ziggurat
04:51 Spirit Tower
04:51 Spirit Tower
04:53 Ziggurat
04:53 Ziggurat
05:31 Spirit Tower
06:00 Spirit Tower
06:50 Halls of the Dead
08:22 Ziggurat
08:22 Ziggurat
08:24 Ziggurat
08:24 Ziggurat
08:59 Ziggurat
09:05 Ziggurat
09:10 Ziggurat
09:23 Ziggurat
10:17 Spirit Tower
10:18 Spirit Tower
10:34 Spirit Tower
11:02 Spirit Tower
11:13 Spirit Tower
13:48 Black Citadel
13:49 Black Citadel
13:51 Sacrificial Pit
15:54 Crypt
15:55 Crypt
16:10 Slaughterhouse
16:14 Slaughterhouse
16:25 Spirit Tower
16:58 Boneyard
17:32 Ziggurat
17:33 Ziggurat
17:33 Ziggurat
17:33 Ziggurat
17:50 Boneyard
17:54 Boneyard
18:47 Spirit Tower
20:52 Necropolis
» items
| Rod of Necromancy | 3 | |
| Dust of Appearance | 1 | |
| Staff of Teleportation | 1 | |
| Orb of Lightning | 1 | |
| Potion of Healing | 2 | |
| Tiny Great Hall | 1 | |
| Scroll of Town Portal | 1 | |
10 total
Sonofthestars (
green | 18 APM | 515 actions | 28:06)
5 Mountain King
3 Storm Bolt
2 Thunder Clap
» actions
| Basic commands | 1 | |
| Build / train | 83 | |
| Enter build submenu | 34 | |
| Enter hero's abilities submenu | 5 | |
| Right click | 112 | |
| Select / deselect | 234 | |
| Use ability | 46 | |
515 total
» units
| Peasant | 10 | |
| Footman | 3 | |
| Rifleman | 15 | |
| Mortar Team | 8 | |
| Troll Batrider | 8 | |
| Wind Rider | 3 | |
| Peon | 1 | |
48 total
» upgrades
| Gunpowder | 2 | |
| Armor | 2 | |
| Masonry | 3 | |
| Long Rifles | 1 | |
| Fragmentation Shards | 1 | |
9 total
» buildings
| Altar of Kings | 1 | |
| Farm | 9 | |
| Barracks | 1 | |
| Blacksmith | 1 | |
| Keep | 1 | |
| Lumber Mill | 1 | |
| Castle | 1 | |
| Town Hall | 2 | |
| Workshop | 1 | |
| Arcane Vault | 1 | |
| Scout Tower | 17 | |
| Arcane Tower | 5 | |
| Guard Tower | 12 | |
53 total
» build order
00:24 Altar of Kings
00:39 Farm
00:54 Barracks
01:18 Farm
01:57 Blacksmith
02:01 Farm
02:42 Farm
03:18 Keep
03:23 Farm
04:04 Farm
04:50 Farm
05:32 Farm
05:49 Lumber Mill
06:02 Castle
07:38 Town Hall
07:55 Workshop
08:36 Arcane Vault
09:36 Scout Tower
10:12 Arcane Tower
10:15 Scout Tower
10:47 Guard Tower
11:48 Scout Tower
12:22 Scout Tower
12:27 Guard Tower
12:51 Guard Tower
12:53 Scout Tower
13:41 Guard Tower
13:44 Scout Tower
13:52 Scout Tower
14:13 Arcane Tower
14:16 Scout Tower
14:28 Guard Tower
14:48 Arcane Tower
14:51 Scout Tower
15:27 Scout Tower
15:31 Guard Tower
16:00 Guard Tower
16:04 Scout Tower
16:41 Scout Tower
17:03 Guard Tower
17:11 Guard Tower
17:14 Scout Tower
17:47 Guard Tower
17:51 Scout Tower
18:23 Guard Tower
18:28 Scout Tower
18:59 Arcane Tower
19:05 Scout Tower
19:25 Farm
19:43 Arcane Tower
19:46 Scout Tower
20:44 Guard Tower
23:14 Town Hall
» items
Chat log
(00:47 / Allies) Mine-is-BIGGER: rush please
(02:24 / Allies) Scipio: wood son
(06:18 / Allies) Ta1: i am pretty sure someone said rush
(07:12 / Allies) Ta1: who called rush
(07:12 / Allies) Ta1: ?
(07:14 / Allies) Scipio: I'll pool
(07:19 / Allies) Scipio: I'll feed in a bit
(09:14 / Allies) Ta1: gold me
(12:04 / Allies) Ta1: towers up
(12:07 / Allies) Ta1: they have mass bats
(12:10 / Allies) Ta1: teal has mass bats
(12:15 / Allies) Ta1: get towers
(12:19 / Allies) Ta1: towers
(12:25 / Allies) Mine-is-BIGGER: gold please purp
(12:42 / All) Mine-is-BIGGER: PUPRLE!!!
(12:47 / Allies) Mine-is-BIGGER: wtf
(12:57 / Allies) Scipio: what
(13:13 / All) Mine-is-BIGGER: GOLD!!
(14:27 / Allies) Ta1: gikd n
(14:29 / Allies) Ta1: gold me
(14:41 / Allies) Ta1: i tho u are going to pool
(14:43 / Allies) Ta1: purple
(14:55 / Allies) Ta1: damn
(15:00 / Allies) Ta1: i hope ur goal is to win
(15:06 / All) Mine-is-BIGGER: I need gold Purple
(16:38 / Allies) Mine-is-BIGGER: come
(17:02 / Allies) Scipio: wood please
(17:53 / Allies) Ta1: share gold purple
(18:13 / Allies) Ta1: hit it
(18:16 / Allies) Ta1: b4 they get more bats
(21:10 / Allies) Ta1: wood me
(21:17 / Allies) Ta1: red
(21:18 / Allies) Ta1: blue
(21:19 / Allies) Ta1: wood me
(21:35 / All) Mine-is-BIGGER: Purple is a tema killer
(21:39 / Allies) Scipio: You fucking started it
(21:43 / All) WC3PROSCHOOL: leave faggots
(21:44 / All) WC3PROSCHOOL: who cares
(21:48 / Allies) Mine-is-BIGGER: Remember the name
(21:53 / Allies) Scipio: fuck you dude
(22:00 / Allies) Scipio: asshole
(22:04 / All) BYFIREBEPURGED.: he isn't you just suck
(22:05 / Allies) Ta1: fuking dumbass purple wont share
(22:16 / All) Mine-is-BIGGER: Remember the name of Purple "Scipio" is a team killer
(22:20 / Allies) Scipio: Tell him to apologize
(22:53 / All) WC3PROSCHOOL: pink is beign such a fag this game
(24:53 / All) WC3PROSCHOOL: use bats
(26:05 / All) Scipio: You'll regret your actions, swine
(27:22 / All) str8fuknuhoesup: yellow wtf
(27:55 / All) Scipio: lawl
(27:57 / All) Scipio: I was on msn
(27:58 / All) Scipio: LOL
(28:02 / All) Scipio: pathetic
(28:04 / All) WC3PROSCHOOL: wha thappened
(28:13 / All) Scipio: green sucks
(28:18 / All) Scipio: I was on msn his shit got raped
(28:28 / All) WC3PROSCHOOL: lawl
(28:51 / All) Scipio: Unfortunately I made fun of him
(28:55 / All) Scipio: so no standoff
(29:13 / All) WC3PROSCHOOL: just blue left
(29:14 / All) Scipio: well
(29:15 / All) Scipio: that's easy
(29:19 / All) WC3PROSCHOOL: did rod dc?
(29:25 / All) Scipio: He says he crashed
(29:31 / All) WC3PROSCHOOL: who wins or loses
(29:36 / All) Scipio: I have 3 teammates
(29:37 / All) Scipio: so mine
(29:42 / All) WC3PROSCHOOL: no